 Dungeon Crawl Stone Soup version 0.24-a0-139-geb6712d (webtiles) character file.

Game seed: 18339947838548485424

9911 Lanoc the Grappler (level 11, -9/111 HPs)
             Began as a Troll Monk on Mar 4, 2019.
             Was an Elder of Elyvilon.
             Killed from afar by an ice statue (18 damage)
             ... with a shard of ice
             ... in an ice cave.
             The game lasted 00:14:43 (6298 turns).

Lanoc the Grappler (Troll Monk)                     Turns: 6298, Time: 00:14:44

Health: -9/111     AC:  9    Str: 21    XL:     11   Next: 29%
Magic:  10/10      EV: 15    Int:  6    God:    Elyvilon [****..]
Gold:   301        SH:  0    Dex: 15    Spells: 10/10 levels left

rFire    . . .     SeeInvis .     - Unarmed
rCold    . . .     Gourm    +   (no shield)
rNeg     . . .     Faith    .   a - +1 robe
rPois    .         Spirit   .   p - +2 hat
rElec    .         Reflect  .   (no cloak)
rCorr    .         Harm     .   (gloves unavailable)
MR       .....                  (boots unavailable)
Stlth    ++........             (no amulet)
HPRegen  0.68/turn              c - ring of wizardry
MPRegen  0.12/turn              g - ring of flight

@: no status effects
A: large, unfitting armour, claws 3, fast metabolism 3, gourmand, regeneration
1, shaggy fur 1, tough skin 3
a: Lesser Healing, Heal Other, Purification, Greater Healing, Divine Protection,
Renounce Religion, Evoke Flight


You were in an ice cave.
You worshipped Elyvilon.
Elyvilon was greatly pleased with you.
You were not hungry.

You visited 3 branches of the dungeon, and saw 13 of its levels.
You also visited: Sewer, Ossuary and Ice Cave.

You collected 301 gold pieces.

Inventory:

Missiles
 w - 9 tomahawks of dispersal (quivered)
Armour
 a - a +1 robe (worn)
 p - a +2 hat (worn)
Jewellery
 c - a ring of wizardry (left claw)
 g - a ring of flight (right claw)
Wands
 h - a wand of polymorph (10)
 r - a wand of enslavement (4)
 y - a wand of clouds (3)
Scrolls
 j - 3 scrolls of teleportation
 o - a scroll of enchant weapon {unknown}
 u - 3 scrolls of remove curse
 A - 3 scrolls of amnesia {unknown}
 B - a scroll of blinking
 C - a scroll of fear {unknown}
Potions
 d - a potion of might
 f - 2 potions of mutation
 i - 2 potions of curing
 k - a potion of invisibility
 l - a potion of agility
 m - a potion of haste
 n - 4 potions of flight
 q - 3 potions of magic
 s - 2 potions of heal wounds
 t - a potion of brilliance
 v - a potion of resistance {unknown}
 x - a potion of cancellation
 z - a potion of berserk rage
Comestibles
 b - 15 rations


   Skills:
 + Level 7.9 Fighting
 + Level 7.9 Dodging
 - Level 1.0 Stealth
 * Level 12.7 Unarmed Combat


You had 10 spell levels left.
You didn't know any spells.
Your spell library contained the following spells:

 Spells                   Type           Power        Failure   Level  Hunger
 Animate Skeleton         Necr           N/A          21%         1    ##.....
 Magic Dart               Conj           #...         21%         1    ##.....
 Pain                     Necr           #...         21%         1    ##.....
 Sandblast                Erth           #.....       21%         1    ##.....
 Blink                    Tloc           N/A          28%         2    ###....
 Call Imp                 Summ           #.......     28%         2    ###....
 Passwall                 Tmut/Erth      #.......     28%         2    ###....
 Slow                     Hex            #.......     28%         2    ###....
 Conjure Flame            Conj/Fire      #.......     50%         3    ####...
 Mephitic Cloud           Conj/Pois/Air  #.......     50%         3    ####...
 Regeneration             Chrm/Necr      #.........   50%         3    ####...
 Stone Arrow              Conj/Erth      #.....       50%         3    ####...
 Vampiric Draining        Necr           #.........   50%         3    ####...
 Animate Dead             Necr           N/A          86%         4    #####..
 Petrify                  Tmut/Erth      #.......     86%         4    #####..
 Lee's Rapid Deconstruct  Erth           #.........   99%         5    ######.


Dungeon Overview and Level Annotations

Branches:
Dungeon (9/15)             Temple (1/1) D:7            Lair (3/6) D:9
 Shoals (0/4) Lair:3        Snake (0/4) Lair:3
    Orc: D:9-12

Altars:
Cheibriados
Dithmenos
Elyvilon
Fedhas
Gozag
Hepliaklqana
Kikubaaqudgha
Makhleb
Qazlal
Ru
Trog
Uskayaw
Vehumet
Wu Jian
Xom
Zin

Annotations:
IceCv exclusion: ice statue


Innate Abilities, Weirdness & Mutations

You are too large for most types of armour.
You have claws for hands.
Your metabolism is lightning-fast.
You like to eat raw meat.
Your natural rate of healing is unusually fast.
You are covered in fur. (AC +1)
You have extremely tough skin. (AC +3)


Message History

You scratch the ice statue.
The ice statue is heavily damaged.
You are engulfed in freezing vapours.
You claw the ice statue! You claw the ice statue.
The ice statue is severely damaged.
You are engulfed in freezing vapours.
You claw the ice statue!
The ice statue is severely damaged.
You are engulfed in freezing vapours.
* * * LOW HITPOINT WARNING * * *
The ice statue gestures at you. The freezing blast misses you.
You scratch the ice statue but do no damage.
The ice statue is severely damaged.
You are engulfed in freezing vapours.
* * * LOW HITPOINT WARNING * * *
The ice statue glitters chillingly in the dim dungeon light.
The ice statue gestures at you. The shard of ice hits you!!
You die...

.# #########.#
#.#.#.#.#.##
##'#'#'#'#.8# ###
.'.......#.. .°#
##.8.8.8.#.# #○#
.........#.# #○##
.........'.# +○8#
.........#.# #@#
##.8.8.8.#.#####○#
.'.......#.....°°#
##'#'#'#'#.8######
#.#.#.#.#.##
#########.# +.#
###


You could see an ice statue.

Vanquished Creatures
  Pikel (D:6)
  Joseph (D:8)
  2 ice statues (IceCv)
  5 gargoyles (D:8)
  2 spiny frogs
  2 rime drakes (Lair:1)
  3 ice devils (IceCv)
  A hornet (D:9)
  Grinder (D:3)
  3 hippogriffs
  A spriggan (D:7)
  2 basilisks (D:9)
  A hungry ghost (D:7)
  3 porcupines
  Edmund (D:4)
  Duvessa (D:7)
  An orc warrior (D:9)
  2 sky beasts (D:9)
  2 slaves (D:6)
  2 black bears (D:9)
  3 phantoms
  An ogre (D:8)
  2 centaurs
  3 wolves (D:9)
  A crocodile (D:9)
  A big kobold (D:6)
  5 bullfrogs
  A wyvern zombie (D:8)
  Dowan (D:7)
  3 killer bees (D:7)
  A howler monkey (D:7)
  2 crimson imps
  A bullfrog zombie (D:6)
  2 centaur zombies
  A quasit (D:7)
  A draconian simulacrum (IceCv)
  A gnoll shaman (D:6)
  An orc priest (D:7)
  4 hounds
  A centaur skeleton (D:9)
  Jessica (D:3)
  3 iguanas (D:9)
  Natasha (thrice) (D:4)
  3 spriggan simulacra (IceCv)
  5 orc wizards
  3 worker ants
  A big kobold zombie (Ossuary)
  2 centaur simulacra (IceCv)
  A hound zombie (D:7)
  2 mummies (Ossuary)
  A howler monkey zombie (D:9)
  8 gnolls (D:6)
  6 adders
  A howler monkey skeleton (D:7)
  3 naga simulacra (IceCv)
  An ogre simulacrum (IceCv)
  2 shadow imps
  4 oozes (Sewer)
  3 adder zombies (Ossuary)
  8 worms
  5 leopard geckos
  21 orcs
  3 ball pythons
  7 bats
  7 giant cockroaches
  3 goblins
  3 hobgoblins
  4 jackals (Sewer)
  3 quokkas
  2 frilled lizards
  12 hobgoblin zombies (Ossuary)
  2 jackal zombies (Ossuary)
  10 kobolds
  7 kobold zombies (Ossuary)
  A leopard gecko zombie (D:8)
  7 orc zombies (Ossuary)
  2 quokka skeletons
  A quokka zombie (D:5)
  A rat (D:1)
  3 rat zombies (Ossuary)
238 creatures vanquished.

Vanquished Creatures (others)
  An adder skeleton (D:6)
  A fungus (D:9)
  A plant (D:9)
3 creatures vanquished.

Grand Total: 241 creatures vanquished

Notes
Turn   | Place    | Note
-------+----------+-------------------------------------------
     0 | D:1      | Lanoc the Troll Monk began the quest for the Orb.
     0 | D:1      | Reached XP level 1. HP: 22/22 MP: 0/0
   141 | D:1      | Reached XP level 2. HP: 29/29 MP: 1/1
   267 | D:3      | Noticed Grinder
   278 | D:3      | Killed Grinder
   278 | D:3      | Reached skill level 5 in Unarmed Combat
   278 | D:3      | Reached XP level 3. HP: 4/37 MP: 2/2
   278 | D:3      | Reached XP level 4. HP: 5/45 MP: 3/3
   278 | D:3      | Reached XP level 5. HP: 7/53 MP: 4/4
   425 | D:3      | Noticed Jessica
   451 | D:3      | Killed Jessica
   453 | D:3      | Reached XP level 6. HP: 56/61 MP: 5/5
   616 | D:4      | Found a shimmering altar of Xom.
   775 | D:4      | Found a shadowy altar of Dithmenos.
   812 | D:4      | Noticed Natasha
   822 | D:4      | Killed Natasha
   855 | D:4      | Noticed Natasha
   863 | D:4      | Killed Natasha
   863 | D:4      | Reached skill level 6 in Unarmed Combat
   881 | D:4      | Noticed Edmund
   889 | D:4      | Killed Edmund
   889 | D:4      | Reached XP level 7. HP: 63/70 MP: 6/6
   908 | D:4      | Found a radiant altar of Vehumet.
   951 | D:4      | Noticed a hippogriff
   960 | D:4      | Killed a hippogriff
  1006 | D:4      | Noticed Natasha
  1010 | D:4      | Killed Natasha
  1270 | D:5      | Entered Level 5 of the Dungeon
  1383 | D:5      | Found a glowing drain.
  1421 | Sewer    | Entered a sewer
  1425 | Sewer    | Reached skill level 7 in Unarmed Combat
  1983 | D:5      | Reached XP level 8. HP: 68/79 MP: 7/7
  2198 | D:6      | Noticed Pikel
  2212 | D:6      | Killed Pikel
  2212 | D:6      | Reached skill level 5 in Fighting
  2212 | D:6      | Reached skill level 5 in Dodging
  2212 | D:6      | Reached skill level 8 in Unarmed Combat
  2296 | D:6      | Found a sand-covered staircase.
  2301 | Ossuary  | Entered an ossuary
  2600 | D:6      | Found a sacrificial altar of Ru.
  2648 | D:6      | Found an ornate altar of the Wu Jian Council.
  2737 | D:6      | Reached skill level 9 in Unarmed Combat
  2737 | D:6      | Reached XP level 9. HP: 88/88 MP: 8/8
  2962 | D:7      | Got a shimmering war axe
  2963 | D:7      | Identified the cursed +1 war axe "Ihosm" {drain, rElec
                  | rPois MR+ Stlth-} (You found it on level 7 of the Dungeon)
  2981 | D:7      | Found a staircase to the Ecumenical Temple.
  3017 | Temple   | Entered the Ecumenical Temple
  3078 | Temple   | Became a worshipper of Elyvilon the Healer
  3078 | Temple   | Reached * piety under Elyvilon
  3078 | Temple   | Reached ** piety under Elyvilon
  3329 | D:7      | Found a glowing silver altar of Zin.
  3474 | D:7      | Noticed Duvessa
  3475 | D:7      | Noticed Dowan
  3485 | D:7      | Killed Duvessa
  3497 | D:7      | Killed Dowan
  3800 | D:8      | Reached skill level 10 in Unarmed Combat
  3830 | D:8      | Noticed Joseph
  3838 | D:8      | Killed Joseph
  3931 | D:8      | Reached *** piety under Elyvilon
  3942 | D:8      | Noticed a gargoyle
  3950 | D:8      | Killed a gargoyle
  3950 | D:8      | Reached XP level 10. HP: 66/100 MP: 9/9
  3959 | D:8      | Noticed a gargoyle
  3968 | D:8      | Killed a gargoyle
  4078 | D:8      | Noticed a gargoyle
  4083 | D:8      | Killed a gargoyle
  4128 | D:8      | Noticed a gargoyle
  4132 | D:8      | Killed a gargoyle
  4132 | D:8      | Reached skill level 11 in Unarmed Combat
  4168 | D:8      | Noticed a gargoyle
  4172 | D:8      | Killed a gargoyle
  4928 | D:9      | Paralysed by a hornet for 1 turns
  4933 | D:9      | Reached skill level 12 in Unarmed Combat
  5083 | D:9      | Found a staircase to the Lair.
  5113 | Lair:1   | Entered Level 1 of the Lair of Beasts
  5208 | Lair:1   | Noticed a spiny frog
  5215 | Lair:1   | Killed a spiny frog
  5215 | Lair:1   | Reached XP level 11. HP: 56/109 MP: 10/10
  5352 | Lair:1   | Noticed a five-headed hydra
  5373 | Lair:2   | Reached **** piety under Elyvilon
  5541 | Lair:3   | Found a frozen archway.
  5541 | Lair:3   | Noticed a four-headed hydra
  5550 | IceCv    | Entered an ice cave
  6298 | IceCv    | Killed from afar by an ice statue

Levels and vault maps discovered:
D:1:      dpeg_arrival_shrine, layout_basic, minmay_pentomino_q4
D:2:      layout_basic, ashenzari_conservatory_becter, old_standard_altar
D:3:      minmay_goblin_kobold_castle, layout_basic, amethyst_killhole,
          minmay_misc_feat_roman, serial_bayou_lake_a, uniq_purgy, uniq_jessica,
          uniq_grinder
D:4:      layout_cave_pools, overflow_temple_1_default, lemuel_round_altar,
          nicolae_dithmenos_through_a_glass_darkly, first_ration,
          minmay_door_square, uniq_edmund, uniq_natasha
D:5:      layout_basic, okawaru_ov_weapons_minmay, cheibrodos_sewer_entry_bend
D:6:      layout_rooms, old_standard_altar, nicolae_overflow_crystal_walls,
          enter_ossuary_5, minmay_unpleasant_kobolds, uniq_pikel
D:7:      layout_layer_cave, zin_academy, minmay_temple_entry_statues,
          the_bakery, chequers_serial_rivers_large_b, uniq_duvessa
D:8:      cheibrodos_statue_roulette, layout_loops_cross, uniq_joseph
D:9:      layout_roguey, nicolae_overflow_hidden_temple,
          minmay_lair_entry_grove, serial_rivers, chequers_serial_rivers_room_a,
          chequers_serial_rivers_micro_c, chequers_serial_rivers_micro_d,
          chequers_serial_rivers_micro_d
Temple:   zaba_magenta_temple
Lair:1:   layout_chaotic_city, ebering_ghost_reflecting_pool,
          beast_lair_carwin_8
Lair:2:   layout_regular_city
Lair:3:   layout_regular_city, shoals_dummy_entry,
          minmay_snake_entry_six_corridors, portal_ice_cave_entry_pillars_2,
          grunt_megastairs_2, serial_bayou_shore_a
Sewer:    sewer_fruit_machine
Ossuary:  ossuary_tomb_1
IceCv:    ice_cave_tombish

Skill      XL: |  1  2  3  4  5  6  7  8  9 10 |
---------------+-------------------------------+-----
Fighting       | 3 4 5 6 7 |  7.9
Dodging        | 3 4 5 6 7 |  7.9
Unarmed Combat | 5 6 7 9 10 12 | 12.7
Stealth        | |  1.0

Action                   |  1- 3 |  4- 6 |  7- 9 | 10-12 || total
-------------------------+-------+-------+-------+-------++-------
Melee: Unarmed           |    35 |    75 |   388 |   229 ||   727
       Punch             |       |     1 |    13 |    14 ||    28
Throw: Tomahawk          |       |       |       |     1 ||     1
  Use: Scroll            |       |       |    18 |     3 ||    21
       Potion            |       |       |     1 |     2 ||     3
 Stab: Sleeping          |       |     3 |     6 |     8 ||    17
  Eat: Chunk             |     5 |     6 |    30 |    12 ||    53
       Ration            |       |       |     1 |     1 ||     2
Armor: Robe              |     8 |    19 |   158 |    42 ||   227
Dodge: Dodged            |    11 |    43 |   234 |   111 ||   399

Table legend:
 A = Non-vault XP
 B = Vault XP
 C = Vault XP percentage of total XP
 D = Non-vault monster count
 E = Vault monster count
 F = Vault count percentage of total count
                 A         B        C        D         E       F
            +---------+---------+-------+---------+---------+-------
      Total |    6169 |    7990 |  56.4 |     122 |     114 |  48.3
            +---------+---------+-------+---------+---------+-------
        D:1 |      12 |       1 |   7.7 |       7 |       1 |  12.5
        D:2 |      16 |       0 |   0.0 |       3 |       0 |   0.0
        D:3 |     136 |     312 |  69.6 |      16 |       4 |  20.0
        D:4 |     557 |     184 |  24.8 |      15 |       2 |  11.8
        D:5 |     148 |      15 |   9.2 |       4 |       3 |  42.9
        D:6 |     599 |     701 |  53.9 |      19 |       7 |  26.9
        D:7 |     876 |     452 |  34.0 |      16 |       3 |  15.8
        D:8 |     620 |    2516 |  80.2 |      19 |       6 |  24.0
        D:9 |    1196 |    1427 |  54.4 |      16 |      11 |  40.7
     Lair:1 |    1384 |       0 |   0.0 |       4 |       0 |   0.0
     Lair:2 |     488 |       0 |   0.0 |       2 |       0 |   0.0
     Lair:3 |     137 |       0 |   0.0 |       1 |       0 |   0.0
      Sewer |       0 |      79 | 100.0 |       0 |      24 | 100.0
    Ossuary |       0 |     155 | 100.0 |       0 |      38 | 100.0
      IceCv |       0 |    2148 | 100.0 |       0 |      15 | 100.0
            +---------+---------+-------+---------+---------+-------
